 Dungeon Crawl Stone Soup version 0.32-a0-7-ge934b4519a (webtiles) character file.

Game seed: 7481733268878991015

164 timneilson the Ruffian (level 5, -5/35 HPs)
             Began as an Octopode Shapeshifter on Jan 14, 2024.
             Slain by a gnoll
             ... wielding a +0 spear
              (7 damage)
             ... on level 3 of the Dungeon.
             The game lasted 00:04:10 (1769 turns).

timneilson the Ruffian (Octopode Shapeshifter)      Turns: 1769, Time: 00:04:11

Health: -5/35      AC:  1    Str: 16    XL:     5   Next: 45%
Magic:  5/5        EV: 13    Int: 12    God:
Gold:   150        SH:  0    Dex: 11    Spells: 4/4 levels left

rFire   . .          .
                       - Unarmed
rCold   . . .        (no shield)
rNeg    . . .        (helmet currently unavailable)
rPois   .            (no amulet)
rElec   .            (no ring)
rCorr   .            (no ring)
SInv    .            (no ring)
Will    .....        (no ring)
Stlth   +++          (no ring)
HPRegen 0.25/turn    (no ring)
MPRegen 0.09/turn    (no ring)
                     (no ring)

%: no passive effects
@: beast-form
A: beast (slay +2), almost no armour, amphibious, 8 rings, camouflage 1,
gelatinous body 1, (nimble swimmer 1), tentacles
a: Begin Untransformation


You were on level 3 of the Dungeon.
You were a hulking beast.
You visited 1 branch of the dungeon, and saw 3 of its levels.

You collected 150 gold pieces.

Inventory:

Missiles
 g - 2 throwing nets (quivered)
Jewellery
 f - a ring of fire
Talismans
 b - a beast talisman
 c - a flux talisman
Wands
 e - a wand of polymorph (8)
Scrolls
 d - 2 scrolls of teleportation
Potions
 a - a potion of lignification
 j - a potion of might {unknown}


   Skills:
 * Level 2.4 Fighting
 * Level 3.0 Dodging
 + Level 1.9 Stealth
 * Level 3.9 Unarmed Combat
 + Level 0.7 Evocations
 * Level 3.6 Shapeshifting


You had 4 spell levels left.
You didn't know any spells.
Your spell library contained the following spells:

 Spells                   Type           Power      Damage    Failure   Level
 Dazzling Flash           Conj/Hex       0%         N/A       69%         3
 Volatile Blastmotes      Fire/Tloc      0%         2d10      69%         3
 Starburst                Conj/Fire      0%         6d3       100%        6
 Maxwell's Capacitive Co  Air            0%         ∞         100%        8


Dungeon Overview and Level Annotations

Branches:
Dungeon (3/15)

Altars:

Shops:
D:2 (   D:3 :


Innate Abilities, Weirdness & Mutations

You are a hulking beast.
Your limbs bulge with bestial killing power. (Slay +2)
You cannot wear most types of armour.
You are amphibious.
You can wear up to eight rings at the same time.
Your skin changes colour to match your surroundings (Stealth+).
Your rubbery body absorbs attacks. (AC +1, EV +1)
((You are camouflaged when in or above water. (Stealth+)))
You have tentacles for arms and can constrict up to eight enemies at once.


Message History

You now have 150 gold pieces (gained 18).
You hear the slow rusting of a distant drain.
The bat barely misses you.
There is an entrance to Itetrul's Vocational Training here.
You can access your shopping list by pressing '$'.
The bat misses you. The bat hits you but does no damage.
There is a fountain of clear blue water here.
You tentacle-slap the bat. Your grab misses the bat. You squeeze the bat.
You kill the bat!
d - 2 scrolls of teleportation (gained 1)
Found a twisted wooden ring.
A goblin comes into view. It is wielding a +0 dagger.
A gnoll comes into view.
It is wielding a +0 spear. 2 gnolls and an adder come into view.
A gnoll is wielding a +0 vampiric spear.
The gnoll shouts!
The gnoll moves out of view.
A gnoll comes into view. It is wielding a +0 flail.
You see here a ring of fire.
f - a ring of fire The gnoll hits you with a +0 spear.
You closely miss the gnoll. Your grab misses the gnoll.
The gnoll closely misses you. The gnoll hits you with a +0 spear.
You tentacle-slap the gnoll. Your grab misses the gnoll.
The gnoll is heavily wounded.
The gnoll barely misses you.
The gnoll hits you from afar with a +0 spear.
You barely miss the gnoll. Your grab misses the gnoll.
The gnoll is heavily wounded.
The gnoll misses you. The gnoll hits you but does no damage.
The gnoll hits you from afar with a +0 spear.
* * * LOW HITPOINT WARNING * * *
Unknown command.
You bludgeon the gnoll!
You kill the gnoll!
The gnoll hits you from afar with a +0 vampiric spear!
* * * LOW HITPOINT WARNING * * *
The gnoll hits you from afar with a +0 spear!
You die...

..........####.......
.....................
......⌠.⌠.##.........
#..................#
..##..∩....#.>...### ##
##............## # #.
#..⌠.⌠..##.<...# ###.#.#
#.......##.....#
.......###h##..#.##...#.#
........##)##..#....#..
....g....gg.............
.S.......g#......##.##..
...............#.# .#
...S........##.#.# #
...g...##.####....
.......#..# #.....
##.#..##.## #.......


You could see 3 gnolls.

Vanquished Creatures
  Robin (D:2)
  An adder (D:2)
  7 gnolls
  3 ribbon worms
  10 ball pythons
  9 endoplasms
  2 giant cockroaches
  13 hobgoblins
  4 jackals (D:3)
  5 quokkas
  2 bats
  A frilled lizard (D:2)
  8 goblins
  6 kobolds
  5 rats
77 creatures vanquished.

Notes
Turn   | Place    | Note
-------+----------+-------------------------------------------
     0 | D:1      | timneilson the Octopode Shapeshifter began the quest for
                  | the Orb.
     0 | D:1      | Reached XP level 1. HP: 13/13 MP: 1/1
   100 | D:1      | Reached XP level 2. HP: 15/18 MP: 2/2
   300 | D:1      | Reached XP level 3. HP: 23/23 MP: 3/3
   385 | D:1      | Reached skill level 1 in Stealth
   830 | D:2      | Reached XP level 4. HP: 26/29 MP: 4/4
  1172 | D:2      | Found Dofax's Antique Weapon Shop.
  1337 | D:2      | Noticed Robin
  1350 | D:2      | Reached XP level 5. HP: 20/34 MP: 5/5
  1353 | D:2      | Killed Robin
  1694 | D:3      | Found Itetrul's Vocational Training.
  1769 | D:3      | Slain by a gnoll

Illustrated notes

Levels and vault maps discovered:
D:1:      kennysheep_arrival_forest, layout_rooms, minmay_tetromino_s4
D:2:      layout_loops_ring, serial_shops, nicolae_shop_tiny_waterfront,
          minmay_box_of_dots, uniq_robin
D:3:      lemuel_castle_with_subvaults [lemuel_castle_interior_carwin_3],
          layout_rooms, nicolae_ru_great_annihilating_truth, serial_shops,
          nicolae_shop_behind_doors, gammafunk_ghost_stat_death,
          gup_sewer_entry_bowl, nicolae_shop_vocational

Skill      XL: |  1  2  3  4  5 |
---------------+----------------+-----
Stealth        | 1 |  1.9
Fighting       | 2 |  2.4
Dodging        | 3 |  3.0
Unarmed Combat | |  3.9
Evocations     | |  0.7
Shapeshifting  | |  3.6

Action                     |  1- 3 |  4- 6 || total
---------------------------+-------+-------++-------
  Melee: Unarmed           |    74 |    79 ||   153
         Tentacles         |    10 |    12 ||    22
         Constrict         |    15 |    17 ||    32
         Punch             |     1 |     1 ||     2
    Use: Scroll            |     6 |       ||     6
         Potion            |       |     1 ||     1
   Stab: Sleeping          |     5 |     3 ||     8
 Armour: Skin              |    26 |    41 ||    67
  Dodge: Dodged            |    30 |    50 ||    80

Table legend: (Time is in decaauts)
 A = Elapsed time spent in this place.
 B = Non-inter-level travel time spent in this place.
 C = Inter-level travel time spent in this place.
 D = Time resting spent in this place.
 E = Time spent auto-exploring this place.
 F = Levels seen in this place.
 G = Mean time per level.
                   A        B        C        D        E       F      G
               +--------+--------+--------+--------+--------+-----+--------+
         Total |   1759 |   1687 |     72 |     35 |   1169 |   3 |  586.3 |
       Dungeon |   1759 |   1687 |     72 |     35 |   1169 |   3 |  586.3 |
               +--------+--------+--------+--------+--------+-----+--------+

Top non-repeatable levels by time:
     D:2: 896 daAuts
     D:1: 779 daAuts
     D:3: 82 daAuts
